Map: Catalyst LE

Players

liquidthermy (uThermal)

  • Race: Protoss Protoss
  • League: Grandmaster
  • Spawn Location: 11:00

Patience - Winner!

  • Race: Protoss Protoss
  • Spawn Location: 5:00

Event: HomeStory Cup XVII

VOD

Have the link to the VOD?

Description

Time

  • Played on: June 29, 2018, 3:56 p.m.
  • Length: 10:35

All games in this series

Show
View Real Time Build Order
Export as new Build Order

liquidthermy Protoss 

Build Orders: Phoenix Opening, Archon Immortal 

Get SALT Encoding   

  12  0:01  Probe  
  13  0:13  Probe  
  14  0:17  Pylon  
  14  0:22  Probe  
  15  0:31  Probe  
  16  0:38  Gateway  
  16  0:41  Probe  
  16  0:47  Assimilator  
  17  0:53  Probe  
  18  1:05  Probe  
  18  1:06  Assimilator  
  19  1:13  Gateway  
  19  1:17  Probe  
  20  1:25  Cybernetics Core  
  20  1:29  Probe  
  21  1:34  Pylon  
  21  1:41  Probe  
  22  1:53  Adept, Probe  
  22  1:54  Adept  
  23  2:02  Warp Gate  
  27  2:13  Pylon  
  27  2:18  Adept  
  27  2:19  Adept  
  31  2:26  Stargate  
  31  2:39  Pylon  
  31  2:47  Adept x2  
  35  3:01  Phoenix  
  37  3:24  Phoenix  
  39  3:31  Nexus  
  39  3:37  Probe  
  43  4:00  Oracle, Robotics Facility  
  43  4:03  Probe  
  44  4:15  Probe  
  45  4:27  Probe  
  46  4:40  Probe  
  46  4:41  Observer  
  46  4:42  Phoenix  
  46  4:43  Probe  
  50  4:52  Probe, Stalker x2  
  56  4:53  Shield Battery  
  56  4:55  Probe  
  57  5:03  Probe  
  57  5:06  Probe  
  58  5:08  Assimilator  
  58  5:09  Phoenix  
  58  5:11  Probe  
  61  5:14  Pylon  
  62  5:24  Immortal  
  62  5:26  Probe x2  
  62  5:34  Pylon  
  65  5:38  Probe  
  65  5:41  Forge  
  66  5:46  Probe  
  66  5:48  Sentry  
  69  5:50  Probe  
  70  5:59  Probe  
  70  6:02  Immortal, Probe  
  70  6:03  Protoss Ground Weapons Level 1  
  74  6:23  Pylon  
  74  6:26  Pylon  
  74  6:34  Twilight Council  
  74  6:41  Immortal  
  74  6:44  Assimilator, Probe x2  
  78  6:56  Probe x2  
  72  7:02  Pylon  
  72  7:07  Pylon  
  72  7:09  Probe x2  
  72  7:12  Charge, Pylon  
  73  7:20  Immortal  
  73  7:21  Gateway x2  
  77  7:23  Gateway x2  
  77  7:29  Templar Archives  
  75  7:38  Gateway  
  75  7:47  Zealot  
  75  7:48  Zealot  
  75  7:52  Observer  
  75  8:01  Warp Prism  
  76  8:13  Pylon  
  62  8:27  Stalker x2, Zealot x2  
  62  8:28  Stalker  
  64  8:36  Immortal  
  64  8:38  Stalker  
  64  8:39  Stalker  
  68  8:52  Zealot x5  
  78  9:02  Stalker  
  71  9:04  Immortal  
  71  9:08  Zealot  
  65  9:14  High Templar x4  
  75  9:20  Archon  
  75  9:21  Archon  
  75  9:23  Zealot  
  59  9:32  Zealot  
  59  9:34  Probe  
  59  9:35  Probe  
  58  9:45  Zealot x2  
  51  9:54  Zealot  
  47  10:00  High Templar x2  
  47  10:05  Archon  
  53  10:14  Zealot  
  53  10:16  Probe  
  56  10:23  Zealot  
  49  10:29  Zealot  
Show
View Real Time Build Order
Export as new Build Order

Patience Protoss - Winner!

Build Orders: Blink Stalkers, Dark Templar Rush 

Get SALT Encoding   

  12  0:00  Probe  
  13  0:13  Probe  
  14  0:17  Pylon  
  14  0:23  Probe  
  15  0:31  Probe  
  16  0:38  Gateway  
  16  0:39  Probe  
  16  0:47  Assimilator  
  17  0:51  Probe  
  17  0:54  Assimilator  
  18  0:59  Probe  
  19  1:07  Gateway, Probe  
  20  1:18  Probe  
  21  1:26  Cybernetics Core  
  21  1:30  Probe  
  22  1:36  Pylon  
  22  1:42  Probe  
  23  1:53  Warp Gate  
  23  1:54  Probe  
  24  2:03  Adept, Sentry  
  28  2:12  Twilight Council  
  28  2:16  Pylon  
  28  2:30  Stalker  
  28  2:33  Stalker  
  31  2:55  Shield Battery  
  31  2:58  Dark Shrine  
  31  3:05  Shield Battery  
  31  3:09  Probe  
  32  3:16  Blink  
  32  3:27  Nexus  
  32  3:32  Probe  
  31  3:44  Gateway  
  31  3:50  Probe  
  31  3:55  Stalker  
  34  4:03  Probe  
  35  4:10  Dark Templar  
  35  4:11  Probe  
  38  4:19  Probe  
  39  4:24  Pylon  
  39  4:38  Probe  
  39  4:40  Stalker x2  
  39  4:44  Stalker  
  46  4:46  Probe  
  46  4:50  Probe  
  48  4:58  Probe  
  49  5:06  Probe  
  50  5:07  Pylon  
  50  5:09  Stalker  
  50  5:12  Stalker  
  54  5:15  Probe  
  54  5:17  Sentry  
  57  5:24  Probe  
  59  5:28  Probe  
  59  5:38  Stalker x2  
  59  5:41  Stalker  
  65  5:43  Probe x2  
  67  5:55  Nexus  
  67  6:04  Stalker x2  
  70  6:05  Probe  
  70  6:18  Pylon  
  70  6:19  Pylon  
  70  6:33  Charge  
  70  6:34  Probe x2  
  70  6:36  Gateway x2  
  70  6:39  Gateway  
  72  6:42  Probe  
  72  6:45  Probe  
  72  6:46  Adept  
  75  6:47  Adept  
  75  6:48  Adept  
  75  6:50  Probe  
  76  6:55  Probe  
  67  7:02  Probe  
  67  7:07  Probe, Stalker  
  67  7:08  Probe  
  69  7:13  Probe  
  68  7:16  Probe  
  68  7:17  Probe  
  68  7:21  Probe  
  68  7:24  Probe  
  68  7:25  Probe  
  68  7:29  Probe  
  71  7:34  Probe x2  
  74  7:51  Probe x2  
  74  7:55  Stalker x6  
  87  8:05  Probe x3  
  88  8:07  Pylon  
  84  8:25  Probe  
  75  8:37  Stalker  
  75  8:38  Stalker x5  
  75  8:39  Probe  
  75  8:40  Probe  
  87  8:42  Forge  
  87  8:50  Probe  
  87  8:51  Probe  
  87  8:52  Probe, Pylon  
  87  8:54  Robotics Facility  
  90  8:56  Assimilator  
  90  9:00  Assimilator  
  86  9:12  Stalker x3, Zealot x2  
  86  9:13  Zealot  
  86  9:14  Probe  
  97  9:22  Probe x2  
  95  9:29  Assimilator  
  95  9:31  Assimilator  
  93  9:33  Pylon  
  93  9:35  Photon Cannon  
  93  9:36  Observer  
  91  9:41  Zealot x5  
  80  10:08  Zealot x6  
  80  10:12  Gateway  
  92  10:15  Gateway  
  92  10:17  Gateway  
  90  10:34  Zealot x6  
Tags
 
Add a new tag
Caveats
  • Supply blocks, unpowered buildings, or Contaminate may cause inaccurate times.
  • Supply counts are checked every 10 seconds.